[Event "Chinese League Div-A Rapid 2022"]
[Site "Fuling,Chongqing"]
[Date "2022.09.08"]
[Round "3.7"]
[White "Ding, Liren"]
[Black "Xu, Yinglun"]
[Result "1-0"]
[ECO "C02"]
[WhiteElo "2808"]
[BlackElo "2549"]
[Annotator "TA"]
[PlyCount "51"]
[EventDate "2022.09.07"]
[EventType "team-tourn"]
[EventCountry "CHN"]
[SourceTitle "playchess.com"]
[Source "ChessBase"]
[SourceQuality "1"]
[TimeControl "1500+10"]

1. e4 e6 2. d4 d5 3. e5 c5 4. c3 Qb6 5. Nf3 Bd7 6. Be2 Bb5 {[%emt 0:01:19] 6...cxd4 is more advanced technology.} 7. dxc5 Bxc5 8. b4 {[%emt 0:00:20] C02: French: Advance Variation.} Be7 ({Black should play} 8... Bxf2+ $11 9. Kf1 Bc6) 9. Bxb5+ Qxb5 10. Na3 {[%emt 0:00:04] [#] White has an edge.} Qd7 $146 ({Predecessor:} 10... Qa6 11. Nd4 Nd7 12. Nab5 Rc8 13. f4 Nh6 14. a4 O-O 15. Be3 b6 16. a5 Qb7 {1-0 (32) Khanin,S (2482)-Tsay,V (2310) Chess.com INT 2020}) 11. O-O Nc6 12. Re1 Bd8 13. Nb5 {[%emt 0:01:14][%cal Oc3c4] Black must now prevent c4!} Bc7 (13... Nxe5 $2 14. Nxe5 Qxb5 15. Qh5 $18) 14. c4 Nge7 15. Ba3 {[%emt 0:03:39] 0x0.0024fee330f2dp-1022s more active pieces. The black rooks are badly placed.} (15. Nxc7+ $16 Qxc7 16. b5) 15... a5 (15... a6 $1 $11 {keeps the balance.} 16. Nxc7+ Qxc7) 16. Nxc7+ (16. cxd5 $16 Nxd5 17. bxa5) 16... Qxc7 $11 17. b5 Nb4 18. cxd5 Nexd5 19. Rc1 $36 {[%emt 0:00:01][%mdl 2048] White has the initiative.} Qd7 20. Ng5 O-O 21. Rc4 (21. Qh5 h6 22. Ne4 Qxb5 $17) (21. Rc3 $11) 21... h6 $15 22. Ne4 Rfc8 23. Rd4 Nc2 $2 {[%emt 0:00:59] [#] Pair of Knights!} ({Don't play} 23... Qxb5 24. Nd6 Qb6 25. Nxc8 Rxc8 26. Rd2 $14) (23... Nxa2 $2 24. Nf6+ $1 Nxf6 25. Rxd7 $18) (23... Qc7 $1 $15 {keeps the upper hand.} 24. Bxb4 axb4) 24. Nf6+ $1 $16 gxf6 $2 {[%emt 0:00:03][%mdl 8192] [#]} (24... Nxf6 $16 25. Rxd7 Nxd7) 25. exf6 $1 $18 {[%emt 0:00:14] Threatening mate with Qg4+.} Nxf6 (25... e5 26. Rxd5) 26. Rxd7 {[%emt 0:00:05] Weighted Error Value: White=0.22 (precise) /Black=0.45} 1-0

[Event "Chinese League Div-A Rapid 2022"]
[Site "Fuling,Chongqing"]
[Date "2022.09.08"]
[Round "3.8"]
[White "Chen, Yuan"]
[Black "Wen, Yang"]
[Result "1/2-1/2"]
[ECO "C54"]
[WhiteElo "2138"]
[BlackElo "2588"]
[Annotator "TA"]
[PlyCount "72"]
[EventDate "2022.09.07"]
[EventType "team-tourn"]
[EventCountry "CHN"]
[SourceTitle "playchess.com"]
[Source "ChessBase"]
[SourceQuality "1"]
[TimeControl "1500+10"]

1. e4 e5 2. Nf3 Nc6 3. Bc4 Bc5 4. c3 Nf6 5. d4 exd4 6. cxd4 Bb4+ 7. Nc3 Nxe4 8. O-O Bxc3 9. d5 Ne5 10. bxc3 Nxc4 11. Qd4 f5 12. Qxc4 d6 {[%emt 0:00:01] C54: Giuoco Piano: 4 c3 Nf6, main lines with 5 d4 and 5 d3.} 13. Nd4 O-O {[%emt 0:00:06] [#]} 14. a4 $146 ({Predecessor:} 14. f3 Nc5 15. Ba3 b6 16. Bxc5 bxc5 17. Nc6 Qf6 18. Rfe1 Bd7 19. Re7 Rf7 20. Re6 Qg5 21. Rae1 h6 22. R6e2 Kh7 23. Qb3 Qh4 24. Nb8 Qd8 25. Nc6 Qh4 {½-½ (25) Tylecek,D (2271)-Steinke,R (2327) LSS email 2016}) 14... Bd7 {[%emt 0:00:56] Black is slightly better.} 15. f3 Nc5 16. Be3 b6 17. a5 Qf6 18. Bf2 Qf7 19. Rfe1 Rfe8 {[%emt 0:00:30] Inhibits Ne6.} 20. axb6 axb6 21. Rxa8 Rxa8 22. Ne6 b5 23. Qf1 Nxe6 24. dxe6 Bxe6 25. Qxb5 h6 26. Qe2 Bc4 27. Qd2 Kh7 28. h4 Ra2 29. Qf4 Bd5 30. Bd4 Rc2 31. h5 Ra2 32. Qh4 $1 {[%emt 0:00:15] [#] Threatens to win with Re7. The position is equal.} Be6 33. Qg3 {[%emt 0:00:24][%cal Oe1e6] Rxe6! is the strong threat.} Bc4 34. Qg6+ Qxg6 35. hxg6+ Kxg6 {[%emt 0:00:02] [#] White must now prevent ...c5.} 36. Re7 Bf7 {[%emt 0:00:51] Weighted Error Value: White=0.05 (flawless) /Black=0.09 (flawless)} 1/2-1/2

[Event "Chinese League Div-A Rapid 2022"]
[Site "Fuling,Chongqing"]
[Date "2022.09.08"]
[Round "3.9"]
[White "Li, Xueyi"]
[Black "Bai, Xue"]
[Result "1/2-1/2"]
[ECO "E04"]
[WhiteElo "2280"]
[BlackElo "2123"]
[Annotator "NA RC"]
[PlyCount "98"]
[EventDate "2022.09.07"]
[EventType "team-tourn"]
[EventCountry "CHN"]
[SourceTitle "playchess.com"]
[Source "ChessBase"]
[SourceQuality "1"]
[TimeControl "1500+10"]

1. d4 d5 2. Nf3 e6 3. g3 Nf6 4. Bg2 c5 5. c4 dxc4 6. O-O Nc6 7. Ne5 Bd7 8. Na3 cxd4 9. Naxc4 Be7 10. Qb3 Qc7 11. Bf4 Nh5 12. Nxc6 Nxf4 13. Nxe7 Nxg2 14. Rac1 Qc5 15. Qxb7 Kxe7 16. Nd2 Qb6 17. Qf3 Rac8 18. Ne4 Rxc1 19. Qa3+ Rc5 20. Nxc5 Qd6 21. Kxg2 Rc8 22. b4 Rc7 23. f3 Bb5 24. Qb2 Qe5 25. Re1 Qe3 26. a4 Bc4 27. Qc2 Bd5 28. Qc1 Qxc1 29. Rxc1 f5 30. a5 e5 31. Rd1 Bc4 32. Kf2 Kd6 33. f4 Bd5 34. fxe5+ Kxe5 35. Nd3+ Kd6 36. Nc5 Ke5 37. Nd3+ Kd6 38. Nf4 g5 39. Nxd5 Kxd5 40. b5 Rb7 41. e3 Rxb5 42. Rxd4+ Ke5 43. Rd7 Rxa5 44. Rxh7 Ra2+ 45. Ke1 Ke4 46. Re7+ Kf3 47. h4 gxh4 48. gxh4 Rh2 49. Rxa7 Rxh4 1/2-1/2

[Event "Chinese League Div-A Rapid 2022"]
[Site "Fuling,Chongqing"]
[Date "2022.09.08"]
[Round "3.10"]
[White "Song, Yuxin"]
[Black "Zhu, Jiner"]
[Result "1/2-1/2"]
[ECO "B41"]
[WhiteElo "2317"]
[BlackElo "2464"]
[Annotator "TA"]
[PlyCount "61"]
[EventDate "2022.09.07"]
[EventType "team-tourn"]
[EventCountry "CHN"]
[SourceTitle "playchess.com"]
[Source "ChessBase"]
[SourceQuality "1"]
[TimeControl "1500+10"]

1. e4 c5 2. Nf3 e6 3. d4 cxd4 4. Nxd4 a6 5. c4 Nf6 6. Nc3 Bb4 7. Qd3 {[%emt 0:00:02] is the new trend. B41: Sicilian: Kan Variation: 5 c4.} d6 8. Nc2 Bxc3+ 9. Qxc3 {[%emt 0:00:01] White is slightly better.} O-O {[%emt 0:00:08] 9...e5 is vanishing.} 10. f3 d5 {[%emt 0:00:18] [#]} 11. exd5 $146 (11. e5 $5 Nfd7 12. Be3 $14) ({Predecessor:} 11. e5 Nfd7 12. cxd5 Nb6 13. d6 Nd5 14. Qd2 Nc6 15. f4 f6 16. Bc4 Nb6 17. Bb3 fxe5 {½-½ (44) Cheparinov,I (2667)-Teclaf,P (2507) Tornelo INT 2021}) 11... exd5 {[%emt 0:00:04] The position is equal.} 12. Be3 dxc4 13. Bxc4 Nd5 14. Bxd5 Qxd5 15. O-O (15. Rd1 {is interesting.} Qc6 16. Bc5 Re8+ 17. Kf2) 15... Nc6 16. Nb4 Nxb4 17. Qxb4 a5 18. Qc5 Be6 19. Qxd5 Bxd5 20. Rfd1 Bc6 21. Kf2 a4 22. Bc5 Rfe8 23. Re1 h6 24. Rxe8+ Rxe8 $11 {[%emt 0:00:02][%mdl 4096] Endgame KRB-KRB} 25. Re1 Rd8 26. b3 Rd5 27. Be7 b5 28. bxa4 bxa4 29. a3 Rd2+ 30. Re2 Rxe2+ 31. Kxe2 {[%emt 0:00:01] Weighted Error Value: White=0.03 (flawless) /Black=0.02 (flawless)} 1/2-1/2

[Event "Chinese League Div-A Rapid 2022"]
[Site "Fuling,Chongqing"]
[Date "2022.09.08"]
[Round "3.11"]
[White "Xu, Xiangyu"]
[Black "Li, Haoyu"]
[Result "*"]
[ECO "A41"]
[WhiteElo "2571"]
[BlackElo "2369"]
[Annotator "TA"]
[PlyCount "67"]
[EventDate "2022.09.07"]
[EventType "team-tourn"]
[EventCountry "CHN"]
[SourceTitle "playchess.com"]
[Source "ChessBase"]
[SourceQuality "1"]
[TimeControl "1500+10"]

1. d4 d6 2. Nf3 g6 3. g3 Bg7 4. Bg2 Nd7 5. O-O e5 6. e4 Ne7 7. a4 {[%emt 0:00:02] A41: 1 d4 d6: Tartakower System and Modern Defence.} O-O 8. Re1 h6 9. Nc3 {[%emt 0:00:04] [#] White is slightly better.} Kh7 $146 ({Predecessor:} 9... a5 10. dxe5 dxe5 11. Nd5 c6 12. Ne3 Nc5 13. Qxd8 Rxd8 14. Nc4 f6 15. Be3 Ne6 {0-1 (53) Laith,K (2084)-Rydstrom,T (2316) Gothenburg 2018}) 10. a5 a6 11. Be3 Nc6 12. h3 f5 {[%emt 0:02:11] [#]} (12... exd4 $11 {keeps the balance.} 13. Nxd4 Nde5) 13. exf5 $1 $16 gxf5 14. dxe5 dxe5 15. Nh4 Nf6 {[%emt 0:03:45] Prevents Qh5.} 16. Bc5 (16. Qe2 $16) 16... Qxd1 17. Raxd1 {[%emt 0:00:10] Black must now prevent Bxc6.} ({Of course not} 17. Rexd1 Rf7 $11) 17... Re8 18. Nd5 Nxd5 19. Bxd5 Bf6 20. Bf7 {[%emt 0:01:17] 0x0.001683ed4d75dp-1022s more active pieces.} Rg8 21. Bxg8+ $18 Kxg8 22. Ng6 $2 (22. Ng2 $18) 22... Be6 $2 ({Black should try} 22... Kf7 $14 23. Nh4 Nxa5) 23. Nf4 Kf7 24. Nxe6 Kxe6 25. b4 h5 26. Kg2 Rg8 27. c4 (27. Rb1 $142) 27... h4 (27... e4 $142) 28. Rd3 e4 {[%emt 0:00:32] [#]} 29. g4 $1 {[%emt 0:02:14] Kh1 is the strong threat.} Ne5 30. Rd5 {[%emt 0:00:05] aiming for Kh1.} Kf7 (30... Nf3 $16 {keeps fighting.} 31. Re3 Be5) 31. Re2 {[%emt 0:04:28] And now Bd4 would win.} c6 32. Rd6 {[%emt 0:00:02] Threatens to win with Bd4.} Nxc4 (32... Be7 $142) 33. Rd7+ Ke6 34. Rxb7 {[%emt 0:00:04] Weighted Error Value: White=0.23 (precise) /Black=0.48} *

[Event "Chinese League Div-A Rapid 2022"]
[Site "Fuling,Chongqing"]
[Date "2022.09.08"]
[Round "3.12"]
[White "Li, Di"]
[Black "Li, Chao b"]
[Result "1/2-1/2"]
[ECO "D90"]
[WhiteElo "2575"]
[BlackElo "2679"]
[Annotator "TA"]
[PlyCount "36"]
[EventDate "2022.09.07"]
[EventType "team-tourn"]
[EventCountry "CHN"]
[SourceTitle "playchess.com"]
[Source "ChessBase"]
[SourceQuality "1"]
[TimeControl "1500+10"]

1. d4 d5 2. c4 c6 3. Nf3 Nf6 4. Nc3 g6 5. h3 Bg7 6. cxd5 cxd5 7. Bf4 Nc6 8. e3 O-O 9. Be2 b6 {[%emt 0:00:30] D90: Grünfeld: 4 Nf3 Bg7 sidelines.} (9... Qb6 {is interesting.} 10. a3 Ne4 11. Na4 Qd8) 10. O-O Bb7 11. Rc1 Rc8 {[%emt 0:00:38] The position is equal.} 12. Ne5 Nxe5 13. Bxe5 {[%emt 0:00:06] [#]} Nd7 $146 ({Predecessor:} 13... Ne4 14. Bxg7 Kxg7 15. Qa4 Nxc3 16. bxc3 Qc7 17. Qa3 e6 18. c4 dxc4 19. Bxc4 Qb8 20. Bb3 Rxc1 21. Rxc1 Rc8 22. Rxc8 Bxc8 23. Qe7 Qb7 24. Qd6 Qe4 {½-½ (24) Najdorf,M-Golombek,H Moscow 1956}) 14. Bxg7 Kxg7 15. Qb3 Nb8 16. Rc2 e6 17. Qa3 Nc6 18. Nb5 {[%emt 0:06:58] Black must now prevent Rfc1.} a6 {[%emt 0:02:59] Weighted Error Value: White=0.08 (flawless) /Black=0.10 (very precise)} 1/2-1/2

[Event "Chinese League Div-A Rapid 2022"]
[Site "Fuling,Chongqing"]
[Date "2022.09.08"]
[Round "3.13"]
[White "Zhao, Yuanhe"]
[Black "Peng, Hongchi"]
[Result "1-0"]
[ECO "A17"]
[WhiteElo "2440"]
[BlackElo "2375"]
[Annotator "TA"]
[PlyCount "129"]
[EventDate "2022.09.07"]
[EventType "team-tourn"]
[EventCountry "CHN"]
[SourceTitle "playchess.com"]
[Source "ChessBase"]
[SourceQuality "1"]
[TimeControl "1500+10"]

1. Nf3 Nf6 2. c4 e6 3. Nc3 d5 4. e3 c5 5. cxd5 Nxd5 6. Qc2 {[%emt 0:00:12] A17: English Opening: 1...Nf6 with ...Bb4.} Be7 7. b3 O-O 8. Bb2 {[%emt 0:00:02] [#] The position is equal.} Nd7 $146 ({Predecessor:} 8... Nc6 9. a3 Bd7 10. Bd3 h6 11. g4 Rc8 12. Rg1 Be8 13. h4 Ndb4 14. axb4 Nxb4 15. Bh7+ Kh8 {½-½ (61) Keymer,V (2686)-Le,Q (2722) Biel 2022}) 9. Be2 b6 10. Nxd5 exd5 11. O-O Bb7 12. Rac1 Nf6 13. d4 Ne4 14. Rfd1 Rc8 15. Qb1 Bd6 16. g3 c4 17. bxc4 dxc4 18. d5 c3 19. Ba1 {[%emt 0:00:02] [#]} (19. Qxe4 $11 cxb2 20. Rb1) 19... f5 (19... Re8 $1 $17 20. Qd3 Qf6) 20. Qb3 (20. Nd4 $11 {remains equal.} Bxd5 21. Qd3) 20... Qf6 $17 21. Rd4 Rc5 ({Don't do} 21... Nd2 22. Nxd2 cxd2 23. Rxc8 Rxc8 24. Bb2 $16 (24. Bc3 Be5 $17)) (21... g5 $17 22. Bd3 (22. Bxc3 Nxc3 23. Rxc3 Rxc3 $17) 22... g4) 22. a4 {[%emt 0:01:49] [#]} (22. Bxc3 $11 Nxc3 23. Rxc3) 22... a6 $2 (22... g5 $1 $17 {[%cal Rg5g4] Threatens to win with ...g4.} 23. Bxc3 Nxc3 24. Rxc3 Rxc3 25. Qxc3 g4) 23. Rc2 (23. Bxc3 $14 Nxc3 24. Rxc3) 23... Rb8 ({Better is} 23... Rfc8 $17) 24. Bxc3 $14 Nxc3 25. Rxc3 Rxc3 26. Qxc3 Bc5 27. Rd3 Qxc3 28. Rxc3 Bxd5 29. Nh4 (29. Ne5 $5 ) 29... g6 30. Bxa6 Be4 31. f3 Ba8 32. Kf2 Kf7 33. f4 Kf6 34. Nf3 Bc6 35. Bb5 (35. a5 $5) 35... Be4 {[%emt 0:01:18] This bishop pair is nice.} (35... Bxb5 $1 $11 {and Black is okay.} 36. axb5 Ra8) 36. Ng5 $18 Rd8 37. Nxe4+ ({Don't take} 37. Nxh7+ Kg7) 37... fxe4 {[%emt 0:00:01][%mdl 4096] Endgame KRB-KRB} 38. Ke2 {[%emt 0:00:10] Prevents Rd2+.} Kf5 39. h3 h5 40. Rc1 {[%emt 0:00:03][%cal Oa4a5] Hoping for a5!} Bb4 41. Rd1 {[%emt 0:00:09] Against Rd2+} ({White should try} 41. Rc2 $16) 41... Rxd1 $14 42. Kxd1 {[%emt 0:00:03] KB-KB} Bc5 43. Ke2 g5 ({Black should play} 43... Bd6 $14) 44. Bd7+ Kf6 45. h4 (45. Bc6 $18) 45... gxh4 $1 46. gxh4 Be7 47. Kf2 Kg6 48. Kg3 {[%emt 0:00:19] Strongly threatening Be8+.} Kf6 $2 {[%emt 0:00:23][%mdl 8192] Black is on the road to losing.} (48... Bc5 $14) 49. Be8 $18 Bc5 50. Kf2 Kf5 $2 (50... Be7 $16 51. Bxh5 Kg7) 51. Bxh5 {[%emt 0:00:02] White threatens Bf7 and mate.} Be7 52. Kg3 {[%emt 0:00:01] Intending Bf7 and mate.} Bc5 53. Bg4+ Kf6 54. Kf2 Bb4 55. h5 Bc5 56. Bd7 Bf8 57. Bc6 Kf5 58. Bd5 Kg4 59. Bf7 Kf5 60. Bg6+ Kg4 61. Bxe4 {[%emt 0:00:01] White mates.} Kxh5 62. Kf3 Kh6 63. Bd3 Kg7 64. e4 Kf6 65. e5+ {[%emt 0:00:01] Weighted Error Value: White=0.25 (precise) /Black=0.46} 1-0

[Event "Chinese League Div-A Rapid 2022"]
[Site "Fuling,Chongqing"]
[Date "2022.09.08"]
[Round "3.14"]
[White "Wang, Yu A."]
[Black "Ren, Xiaoyi"]
[Result "1/2-1/2"]
[ECO "C45"]
[WhiteElo "2271"]
[BlackElo "2250"]
[Annotator "NA RC"]
[PlyCount "26"]
[EventDate "2022.09.07"]
[EventType "team-tourn"]
[EventCountry "CHN"]
[SourceTitle "playchess.com"]
[Source "ChessBase"]
[SourceQuality "1"]
[TimeControl "1500+10"]

1. e4 e5 2. Nf3 Nc6 3. d4 exd4 4. Nxd4 Bc5 5. Nb3 Bb6 6. Nc3 Nf6 7. Bg5 h6 8. Bh4 g5 9. Bg3 d6 10. Qe2 Qe7 11. O-O-O Bd7 12. Nd5 Nxd5 13. exd5 Qxe2 1/2-1/2

[Event "Chinese League Div-A Rapid 2022"]
[Site "Fuling,Chongqing"]
[Date "2022.09.08"]
[Round "3.15"]
[White "Li, Ruofan"]
[Black "Chu, Ruotong"]
[Result "1/2-1/2"]
[ECO "D28"]
[WhiteElo "2302"]
[BlackElo "2185"]
[Annotator "RC"]
[PlyCount "66"]
[EventDate "2022.09.07"]
[EventType "team-tourn"]
[EventCountry "CHN"]
[SourceTitle "playchess.com"]
[Source "ChessBase"]
[SourceQuality "1"]
[TimeControl "1500+10"]

1. d4 d5 2. c4 dxc4 3. Nf3 Nf6 4. e3 e6 5. Bxc4 a6 6. O-O c5 7. Qe2 b5 8. Bd3 Nbd7 9. a4 c4 10. Bc2 Bb7 11. e4 Be7 12. e5 Nd5 13. Nc3 h6 14. axb5 Nxc3 15. bxc3 axb5 16. Rb1 Qa5 17. Bd2 Nb6 18. h3 Nd5 19. Qe4 O-O-O 20. Ra1 Qb6 21. Qe2 Kd7 22. Nh2 Ra8 23. Qh5 g6 24. Qe2 h5 25. Nf3 Rxa1 26. Rxa1 Ra8 27. Qe1 Rxa1 28. Qxa1 b4 29. cxb4 Nxb4 30. Ba4+ Bc6 31. Ng5 Bxg5 32. Bxg5 Bxa4 33. Qxa4+ Nc6 1/2-1/2

[Event "Chinese League Div-A Rapid 2022"]
[Site "Fuling,Chongqing"]
[Date "2022.09.08"]
[Round "3.16"]
[White "Zhao, Jun"]
[Black "Ma, Zhonghan"]
[Result "1-0"]
[ECO "C65"]
[WhiteElo "2619"]
[BlackElo "2485"]
[Annotator "TA"]
[PlyCount "169"]
[EventDate "2022.09.07"]
[EventType "team-tourn"]
[EventCountry "CHN"]
[SourceTitle "playchess.com"]
[Source "ChessBase"]
[SourceQuality "1"]
[TimeControl "1500+10"]

1. e4 {[%emt 0:00:39] Mekhitarian,K} e5 2. Nf3 Nc6 3. Bb5 Nf6 4. d3 Bc5 5. Bxc6 dxc6 6. Qe2 {[%emt 0:00:06] C65: Ruy Lopez: Berlin Defence (3...Nf6), unusual lines and 4 0-0 Bc5.} Nd7 7. Nbd2 O-O {[%emt 0:00:15] 7...0-0 has lost popularity.} 8. Nc4 {[%emt 0:00:03] The position is equal.} Re8 9. Bd2 Bd6 10. h4 Nf8 11. h5 Ne6 12. O-O-O (12. Nfxe5 Nd4 13. Nxf7 Kxf7 $17) (12. Ncxe5 Bxe5 13. Nxe5 Nd4 14. Nxf7 Kxf7 $17) 12... c5 {[%emt 0:00:27] [#]} 13. g4 $5 $146 {[%emt 0:03:37][%cal Bg2g4,Bg4g5][%mdl 8] An interesting novelty.} (13. Nfxe5 $2 Bxe5 14. Nxe5 Nd4 $19) ({Predecessor:} 13. Qf1 f6 14. Nh4 Nd4 15. c3 Nc6 16. Nf5 Bxf5 17. exf5 h6 18. g4 Bf8 19. Qe2 {½-½ (60) Caruana,F (2787)-Karjakin,S (2769) Wijk aan Zee 2016 CBM 171 [Mekhitarian,K]}) 13... Nf4 (13... f6 $11 {keeps the balance.}) 14. Bxf4 $16 exf4 15. g5 {[%emt 0:00:37] White is more active.} b5 16. Nxd6 Qxd6 (16... cxd6 $16 17. h6 g6) 17. Rh4 Be6 (17... c4 $16) 18. h6 g6 19. Qd2 b4 20. Qxf4 ({Not} 20. Rxf4 Bxa2 21. e5 Qa6 $14) 20... Qxf4+ 21. Rxf4 a5 22. b3 a4 23. Kd2 axb3 (23... Red8 $142 24. Ke3 axb3 25. axb3 Ra5) 24. axb3 $18 Ra2 25. Rb1 Kf8 26. Rf6 Bg4 27. Nh2 Bd7 28. Nf1 Re6 29. Rxe6 Bxe6 {[%emt 0:00:02][%mdl 4096] Endgame KRB-KRN} 30. Ne3 Ke7 31. e5 Kd7 32. Ke2 Kc6 33. Kf3 Ra8 34. Ke4 Rd8 (34... Kd7 {was necessary.} 35. Rc1 c6) 35. Ra1 Rd4+ 36. Kf3 Rd8 37. Kg3 Kb6 38. Kf3 Kc6 $1 39. Ke2 Kb6 40. f4 Kc6 41. Nf1 Bd5 42. Ke3 Kb6 43. Nd2 Re8 44. Ra4 Rd8 45. Ra1 Re8 $1 46. Nf1 $2 (46. Ne4 $18) 46... Be6 $2 (46... Rd8 $1 $11) 47. Ng3 Bd5 48. Ne4 {[%emt 0:00:55] [#] And now Nf6 would win.} Bxe4 49. dxe4 {[%emt 0:00:01] Strongly threatening Rd1. KR-KR} Kb5 50. Rd1 Kc6 51. Rd5 Ra8 52. Kd2 Ra1 (52... Ra2 $142 53. Rd8 c4) 53. Rd8 Rf1 54. Ke3 Re1+ 55. Kf3 (55. Kf2 $142 Rxe4 56. Kf3) 55... Rf1+ 56. Ke3 $2 (56. Kg4) 56... Re1+ $1 {[%emt 0:00:01] [#]} 57. Kf2 $1 ({Weaker is} 57. Kf3 c4 58. Rb8 (58. bxc4 Rf1+ 59. Ke2 Rxf4 $18) 58... Rf1+ 59. Ke3 Re1+ 60. Kd4 Rf1 $18) 57... Rxe4 58. Kf3 Re1 59. Rh8 Rf1+ 60. Ke4 Re1+ 61. Kd3 Rf1 62. Rxh7 Rxf4 63. Rg7 $2 (63. e6 $18 fxe6 64. Rg7) 63... Kd5 $16 64. h7 Rh4 65. Rxf7 {[%emt 0:00:01] Threatens to win with Re7.} Kxe5 $2 (65... Rh3+ $16 {was worth a try.} 66. Ke2 Kxe5) 66. Rxc7 $18 Kd5 67. Ke3 {[%emt 0:00:23] Black must now prevent Kf2.} Rh3+ $2 {[%emt 0:00:33][%mdl 8192] A mistake that costs the game.} (67... Kd6 $16 68. Rg7 Ke5) 68. Kf4 {[%emt 0:00:16] Rd7+ is the strong threat.} Rh4+ 69. Kg3 Rh5 70. Kg4 Rh1 71. Rg7 Kd4 72. Rxg6 Rxh7 73. Rh6 Rg7 74. Rh2 c4 75. bxc4 {[%emt 0:00:08] Threatening mate with Kf5.} Kxc4 76. Rg2 {[%emt 0:00:15] White mates.} Kc3 77. Kf5 Rf7+ 78. Ke6 Ra7 79. g6 Ra6+ 80. Kf5 Ra5+ 81. Kf4 Ra8 82. Kg5 Ra5+ 83. Kh6 Ra6 84. Kh7 Ra7+ 85. g7 {[%emt 0:00:02] Weighted Error Value: White=0.51/Black=0.39} 1-0

[Event "Chinese League Div-A Rapid 2022"]
[Site "Fuling,Chongqing"]
[Date "2022.09.08"]
[Round "3.17"]
[White "Liu, Qingnan"]
[Black "Pang, Tao"]
[Result "1/2-1/2"]
[ECO "C13"]
[WhiteElo "2542"]
[BlackElo "2427"]
[Annotator "TA"]
[PlyCount "53"]
[EventDate "2022.09.07"]
[EventType "team-tourn"]
[EventCountry "CHN"]
[SourceTitle "playchess.com"]
[Source "ChessBase"]
[SourceQuality "1"]
[TimeControl "1500+10"]

1. e4 e6 2. d4 d5 3. Nc3 Nf6 4. Bg5 dxe4 5. Nxe4 Nbd7 6. Nf3 Be7 7. Nxf6+ Bxf6 $1 {[%emt 0:00:02] The main line 7...Bxf6 scores better than 7...Nxf6.} 8. h4 b6 {[%emt 0:00:54] C13: French: Classical System: 4 Bg5 Be7, Alekhine-Chatard Attack.} 9. Bb5 O-O 10. Bc6 {[%emt 0:01:12] Inhibits Bb7.} Rb8 {[%emt 0:00:09] White is slightly better.} 11. Qd3 Bb7 12. Bxb7 {[%emt 0:00:57] White is much more active. The black rooks are badly placed.} Rxb7 13. Qe4 (13. Bf4 $14) 13... Qc8 $11 14. O-O-O {[%emt 0:00:23] [#]} c5 $146 ({Predecessor:} 14... b5 15. g4 Rb6 16. Bf4 Qa6 17. Kb1 Qa4 18. Qe3 Rc6 19. Qb3 Nc5 20. Qxa4 Nxa4 {½-½ (49) Padmini,R (2383)-Chubar,V (2078) Moscow 2012}) 15. d5 $36 {[%emt 0:03:24][%mdl 2048] White has the initiative.} Re8 16. Rhe1 Rb8 17. dxe6 Rxe6 18. Qd5 Rxe1 19. Rxe1 h6 20. Bf4 Qb7 {[%emt 0:00:00][%mdl 8192] [#]} (20... Rb7 $1 $14) 21. Rd1 $2 (21. Re8+ $1 $18 Nf8 22. Qxb7 Rxb7 23. Bd6) 21... Qxd5 22. Rxd5 Rb7 23. Rd6 Kh7 24. Rc6 Nf8 {[%emt 0:00:08] The position is equal.} 25. Rc7 Rxc7 26. Bxc7 h5 27. c3 {[%emt 0:00:07] Weighted Error Value: White=0.46/Black=0.47} 1/2-1/2